 Dungeon Crawl Stone Soup version 0.31-a0-836-g3ceb0a68c4 (webtiles) character file.

Game seed: 17737470980903556000

62376 CraigForest the Severer (level 14, -17/118 HPs)
             Began as a Minotaur Fighter on Sept 26, 2023.
             Was the Champion of Hepliaklqana.
             Demolished by an orc knight
             ... wielding a +0 long sword
              (29 damage)
             ... on level 2 of the Orcish Mines.
             The game lasted 01:16:24 (18958 turns).

CraigForest the Severer (Minotaur Fighter)         Turns: 18958, Time: 01:16:29

Health: -17/118    AC: 28    Str: 25    XL:     14   Next: 64%
Magic:  15/16      EV:  8    Int:  5    God:    Hepliaklqana [******]
Gold:   2072       SH:  0    Dex: 20    Spells: 13/13 levels left

rFire   + . .        X - +5 battleaxe (freeze)
rCold   + . .        (shield currently unavailable)
rNeg    . . .        a - +0 gold dragon scales
rPois   +            (helmet unavailable)
rElec   .            c - +1 cloak
rCorr   .            s - +2 pair of gloves {Dex+3}
SInv    .            y - +0 pair of boots
Will    +....        V - amulet of the acrobat Stlth
                     u - ring of poison resistance
HPRegen 0.39/turn    b - +6 ring of dexterity
MPRegen 0.15/turn

%: acrobat
@: no status effects
A: reduced essence, horns 3, retaliatory headbutt, high MP 1
a: Renounce Religion, Recall Ancestor, Ancestor Identity, Transference, Idealise


You were on level 2 of the Orcish Mines.
You worshipped Hepliaklqana.
Hepliaklqana was exalted by your worship.
You visited 4 branches of the dungeon, and saw 20 of its levels.
You also visited: Sewer.

You collected 2247 gold pieces.
You spent 175 gold pieces at shops.

Inventory:

Hand Weapons
 J - a +1 vampiric broad axe
 Q - a +1 heavy orcbow
 X - a +5 battleaxe of freezing (weapon)
Missiles
 K - 14 boomerangs
 Z - 6 silver javelins
Armour
 a - +0 gold dragon scales (worn)
 c - a +1 cloak (worn)
 m - the +0 pair of gloves of Qilea {rElec Stlth+}
   (You found it on level 3 of the Dungeon)

   rElec:     It insulates you from electricity.
   Stlth+:    It makes you more stealthy.
 s - a +2 pair of gloves of dexterity (worn)
 v - the +1 leather armour of Reweahoa {rF+++ Int-4 SInv Stlth+}
   (You found it on level 2 of the Lair of Beasts)

   Int-4:     It affects your intelligence (-4).
   rF+++:     It renders you almost immune to fire.
   SInv:      It lets you see invisible.
   Stlth+:    It makes you more stealthy.
 y - a +0 pair of boots (worn)
 U - a +0 kite shield of protection
 W - +5 swamp dragon scales
Jewellery
 b - a +6 ring of dexterity (right hand)
 j - a ring of fire
 l - a ring of ice
 q - an amulet of guardian spirit
 u - a ring of poison resistance (left hand)
 x - a ring of ice
 R - a ring of flight
 S - the amulet of Elemental Vulnerability {rPois rF-- rC-- AC+8}
   (You found it on level 12 of the Dungeon)

   [amulet of nothing]

   AC+8:      It affects your AC (+8).
   rF--:      It makes you very vulnerable to fire.
   rC--:      It makes you very vulnerable to cold.
   rPois:     It protects you from poison
 V - an amulet of the acrobat (around neck)
Wands
 f - a wand of roots (19)
 z - a wand of mindburst (6)
 D - a wand of flame (32)
 L - a wand of polymorph (17)
 T - a wand of quicksilver (11)
Scrolls
 g - 2 scrolls of fear
 k - 12 scrolls of teleportation
 n - a scroll of torment
 w - 5 scrolls of immolation
 E - a scroll of summoning
 F - 2 scrolls of revelation
 H - a scroll of blinking
 I - a scroll of amnesia
 N - a scroll of vulnerability {unknown}
 O - 3 scrolls of poison
Potions
 e - 2 potions of haste
 h - a potion of mutation
 i - a potion of resistance {unknown}
 o - a potion of brilliance
 p - a potion of heal wounds
 t - a potion of invisibility
 A - a potion of magic {unknown}
 B - 3 potions of enlightenment
 C - 6 potions of curing
 M - 3 potions of ambrosia
 Y - 2 potions of lignification
Miscellaneous
 d - a phantom mirror
 r - a phial of floods


   Skills:
 + Level 14.2 Fighting
 + Level 19.9 Axes
 + Level 15.7 Armour
 + Level 4.2 Dodging
 + Level 5.9 Stealth
 + Level 7.9 Shields
 + Level 1.4 Unarmed Combat
 * Level 2.0 Invocations


You had 13 spell levels left.
You didn't know any spells.
Your spell library contained the following spells:

 Spells                   Type           Power      Damage    Failure   Level
 Shock                    Conj/Air       0%         1d3       100%        1
 Call Imp                 Summ           0%         N/A       100%        2
 Dazzling Flash           Conj/Hex       0%         N/A       100%        3
 Swiftness                Air            0%         N/A       100%        3
 Volatile Blastmotes      Fire/Tloc      0%         2d10      100%        3
 Airstrike                Air            0%         2d(0-16)  100%        4
 Petrify                  Tmut/Erth      0%         N/A       100%        4
 Vhi's Electric Charge    Tloc/Air       0%         N/A       100%        4
 Arcjolt                  Conj/Air       0%         1d10      100%        5
 Starburst                Conj/Fire      0%         6d3       100%        6
 Summon Cactus Giant      Summ           0%         N/A       100%        6
 Maxwell's Capacitive Co  Air            0%         ∞         100%        8
 Summon Horrible Things   Summ           0%         N/A       100%        8


Dungeon Overview and Level Annotations

Branches:
Dungeon (12/15)            Temple (1/1) D:6            Lair (5/5) D:9
  Swamp (0/4) Lair:2        Snake (0/4) Lair:2        Slime (0/5) Lair:5
    Orc (2/2) D:11            Elf (0/3) Orc:2         Sewer (visited)

Altars:
Ashenzari
Cheibriados
Dithmenos
Elyvilon
Fedhas
Gozag
Hepliaklqana
Kikubaaqudgha
Makhleb
Nemelex Xobeh
Okawaru
Qazlal
Ru
Sif Muna
Trog
Uskayaw
Vehumet
Wu Jian
Xom
Yredelemnul
Zin
The Shining One
Jiyva

Shops:
D:10 ?   Orc:1 !   Orc:2 [


Innate Abilities, Weirdness & Mutations

Your life essence is reduced to manifest your ancestor. (-10% HP)
You have a pair of large horns on your head.
You reflexively headbutt those who attack you in melee.
You have an increased reservoir of magic. (+10% MP)


Message History

Zdislav casts a spell at the orc knight.
The stone arrow hits the orc knight!!
The orc knight hits Zdislav with a +0 long sword!
Zdislav is destroyed!
The orc knight completely misses you. The orc knight barely misses you.
You furiously retaliate!
You headbutt the orc knight!
The orc priest is engulfed in seething chaos.
The orc priest mumbles some strange prayers to Beogh against you.
Beogh smites you!
Items here: )) [ †.
You barely miss the orc knight. You headbutt the orc knight!
The orc knight is almost dead.
You slice the orc knight!! You freeze the orc knight.
The orc knight hits you with a +0 long sword.
You slash the orc knight! You freeze the orc knight.
You kill the orc knight!
You slash the orc knight! You freeze the orc knight. You slice the orc priest!!
You freeze the orc priest!
You kill the orc priest!
You slash the orc knight! You freeze the orc knight. You slash the orc wizard!
You freeze the orc wizard.
The orc knight hits you with a +0 long sword!
The orc wizard hits you but does no damage.
You slice the orc wizard like a ripe choko!!!
You freeze the orc wizard.
You kill the orc wizard!
You barely miss the orc knight. x2; The orc knight completely misses you.
The orc knight hits you with a +0 long sword!
* * * LOW HITPOINT WARNING * * *
Your Invocations skill increases to level 2!
You hit the orc knight. You freeze the orc knight.
The orc knight is lightly wounded.
You slash the orc knight! You freeze the orc knight.
You barely miss the orc knight. Your headbutt misses the orc knight.
The orc knight is lightly wounded.
You barely miss the orc knight.
The orc knight hits you with a +0 long sword!!
* * * LOW HITPOINT WARNING * * *
The orc knight hits you with a +0 long sword!!
You die...

.......#......##..###
.......#.....).####
.................##
....#.............##
....##.#######.)...##
.#.##### # ###.)..#
..## ###. ##)..# .#
..÷.÷ ##...# ##
÷...÷.#@))##
.÷..÷.oo).#
..§..÷)).##
÷...÷...## ....÷...#
......### ....÷#
#####


You could see 2 orc knights.

Vanquished Creatures
  Kirke (D:11)
  3 hydras
  Erolcha (D:12)
  A catoblepas (Lair:5)
  A boulder beetle (D:11)
  4 death yaks (Lair:5)
  A death knight (D:12)
  A two-headed ogre (D:12)
  A deep troll shaman (Lair:5)
  3 orc high priests (Orc:2)
  2 skysharks
  The ghost of Sirjeffry24 the Martial Artist, a novice DsGl of Kikubaaqudgha (D:9)
  Lodul (D:12)
  A lindwurm (Lair:5)
  Pikel (D:4)
  A deep elf pyromancer (D:12)
  3 cyclopes (D:12)
  4 orc sorcerers (Orc:2)
  4 orc knights
  3 elephants (Lair:5)
  A salamander (Lair:2)
  3 black mambas
  13 cane toads
  The ghost of javelincjr the Insei, a novice DsSh of Jiyva (D:4)
  2 gargoyles (D:12)
  2 kobold demonologists (D:12)
  9 komodo dragons
  2 rime drakes
  3 burning bushes (Lair:4)
  5 polar bears
  5 trolls
  3 blink frogs
  A slime creature (D:12)
  A spriggan (Lair:2)
  4 wraiths
  2 wyverns
  A vampire (D:12)
  22 yaks
  2 basilisks
  3 hogs (D:12)
  Grum (D:11)
  Eustachio (D:6)
  3 steam dragons
  Menkaure (D:4)
  4 wargs
  An acid dragon (D:12)
  3 nagas (Lair:2)
  8 water moccasins
  An ice beast (D:7)
  2 black bears
  19 orc warriors
  2 sky beasts
  8 ogres
  13 wolves
  5 centaurs
  7 bullfrogs
  14 kobold brigands
  2 lemures (D:4)
  A gnoll sergeant (D:8)
  5 scorpions
  6 killer bees (D:9)
  A howler monkey (D:9)
  2 jellies (D:6)
  12 orc priests
  A bullfrog skeleton (D:4)
  A sleepcap (D:5)
  Jessica (D:3)
  6 iguanas
  13 orc wizards
  8 gnolls
  2 river rats (Sewer)
  2 adders
  4 worms
  5 dart slugs
  43 orcs
  6 endoplasms
  6 goblins
  9 hobgoblins
  6 jackals (D:1)
  A quokka (D:3)
  11 ball pythons
  4 bats
  5 frilled lizards
  18 kobolds
  22 rats
419 creatures vanquished.

Vanquished Creatures (collateral kills)
  Erica (Lair:2)
  3 two-headed ogres
  A boulder beetle (D:11)
  2 death yaks (Lair:5)
  A deep elf knight (D:12)
  The ghost of zazu2006 the Fighter, a novice GnWn of Vehumet (D:7)
  A deep elf pyromancer (D:12)
  2 cyclopes (D:12)
  2 manticores (D:12)
  Maurice (D:9)
  2 elephants (Lair:5)
  Joseph (D:9)
  A gargoyle (D:12)
  A cane toad (Lair:1)
  A rime drake (Lair:2)
  An unseen horror (D:11)
  A queen bee (D:9)
  2 trolls
  A polar bear (Lair:2)
  A hornet (D:9)
  4 blink frogs
  Sigmund (D:4)
  5 yaks
  A vampire (D:12)
  3 wyverns
  A basilisk (Lair:5)
  A wraith (D:9)
  2 steam dragons
  A vampire mosquito (D:12)
  A water moccasin (Lair:4)
  A black bear (Lair:5)
  An ogre (D:6)
  An orc warrior (Orc:1)
  3 wolves
  4 centaurs
  2 phantoms
  5 kobold brigands
  Blork the orc (D:6)
  2 bullfrogs
  A killer bee (D:9)
  2 howler monkeys
  A bullfrog zombie (D:4)
  2 hounds
  2 orc priests
  2 jellies
  3 iguanas (Lair:3)
  7 orc wizards
  2 adders
  3 gnolls
  A river rat (Sewer)
  3 worms
  2 dart slugs (D:3)
  23 orcs
  2 ball pythons (Sewer)
  A giant cockroach (D:4)
  3 goblins
  3 hobgoblins
  7 kobolds
  A quokka (D:4)
  A bat (D:3)
  A frilled lizard (Sewer)
  12 rats
  A butterfly (Lair:4)
153 creatures vanquished.

Vanquished Creatures (others)
  6 battlemagi
6 creatures vanquished.

Grand Total: 578 creatures vanquished

Notes
Turn   | Place    | Note
-------+----------+-------------------------------------------
     0 | D:1      | CraigForest the Minotaur Fighter began the quest for the
                  | Orb.
     0 | D:1      | Reached XP level 1. HP: 19/19 MP: 0/0
    42 | D:1      | Reached XP level 2. HP: 24/27 MP: 1/1
    66 | D:1      | Found a faded altar of an unknown god.
    84 | D:1      | Prayed at the altar of an unknown god.
    84 | D:1      | Became a worshipper of Hepliaklqana the Forgotten
    84 | D:1      | Reached * piety under Hepliaklqana
   199 | D:1      | Reached XP level 3. HP: 23/29 MP: 2/2
   236 | D:1      | Reached skill level 3 in Axes
   738 | D:2      | Reached XP level 4. HP: 33/36 MP: 3/3
  1207 | D:3      | Found a basalt altar of Yredelemnul.
  1207 | D:3      | Found a glowing silver altar of Zin.
  1227 | D:3      | Reached ** piety under Hepliaklqana
  1228 | D:3      | Remembered your ancestor Zdislav as a battlemage
  1238 | D:3      | Found a snail-covered altar of Cheibriados.
  1242 | D:3      | Reached skill level 4 in Axes
  1248 | D:3      | Reached XP level 5. HP: 16/42 MP: 4/4
  1441 | D:3      | Identified the +0 pair of gloves of Qilea {rElec Stlth+}
  1582 | D:3      | Found a sacrificial altar of Ru.
  1645 | D:3      | Found an opulent altar of Gozag.
  1666 | D:3      | Noticed Jessica
  1669 | D:3      | Killed Jessica
  1906 | D:4      | Found a shadowy altar of Dithmenos.
  1950 | D:4      | Noticed Menkaure
  1956 | D:4      | Killed Menkaure
  1957 | D:4      | Reached skill level 5 in Fighting
  1957 | D:4      | Reached skill level 5 in Axes
  1957 | D:4      | Reached skill level 1 in Dodging
  1957 | D:4      | Reached XP level 6. HP: 41/50 MP: 5/5
  2064 | D:4      | Found a burning altar of Makhleb.
  2272 | D:4      | Found a transporter.
  2273 | D:4      | Found a transporter.
  2274 | D:4      | Noticed javelincjr's ghost (novice DsSh)
  2359 | D:4      | Noticed Pikel
  2378 | D:4      | Killed Pikel
  2379 | D:4      | Reached skill level 7 in Axes
  2379 | D:4      | Reached skill level 5 in Armour
  2379 | D:4      | Reached XP level 7. HP: 37/55 MP: 6/6
  2623 | D:4      | Reached *** piety under Hepliaklqana
  2651 | D:4      | Reached skill level 1 in Stealth
  2755 | D:4      | Noticed Sigmund
  2759 | D:4      | Killed Sigmund
  2760 | D:4      | Reached XP level 8. HP: 53/63 MP: 7/7
  2827 | D:4      | Found a shimmering altar of Xom.
  2945 | D:4      | Reached skill level 8 in Axes
  2956 | D:4      | Killed javelincjr's ghost
  2957 | D:4      | Reached skill level 5 in Shields
  3024 | D:5      | Entered Level 5 of the Dungeon
  3075 | D:5      | Found a shimmering blue altar of Sif Muna.
  3173 | D:5      | Found a stormy altar of Qazlal.
  3287 | D:5      | Reached skill level 9 in Axes
  3603 | D:5      | Found a glowing drain.
  3616 | Sewer    | Entered a sewer
  3730 | Sewer    | Reached **** piety under Hepliaklqana
  3823 | Sewer    | Reached XP level 9. HP: 60/71 MP: 8/8
  4366 | D:6      | Found a staircase to the Ecumenical Temple.
  4445 | Temple   | Entered the Ecumenical Temple
  4471 | D:6      | Noticed Blork the orc
  4476 | D:6      | Killed Blork the orc
  4477 | D:6      | Reached skill level 10 in Axes
  4477 | D:6      | Found a blossoming altar of Fedhas.
  4922 | D:6      | Noticed Eustachio
  4924 | D:6      | Killed Eustachio
  5023 | D:7      | Reached skill level 11 in Axes
  5334 | D:7      | Found a runed translucent gate.
  5336 | D:7      | Found a runed translucent gate.
  5337 | D:7      | Noticed zazu2006's ghost (novice GnWn)
  5338 | D:7      | Found a runed translucent gate.
  5355 | D:7      | Killed zazu2006's ghost
  5356 | D:7      | Reached XP level 10. HP: 39/80 MP: 9/9
  5364 | D:7      | Reached skill level 12 in Axes
  6780 | D:8      | Found an ornate altar of the Wu Jian Council.
  6914 | D:9      | Noticed Joseph
  6928 | D:9      | Killed Joseph
  6957 | D:9      | Noticed a two-headed ogre
  6965 | D:9      | Killed a two-headed ogre
  6966 | D:9      | Reached skill level 13 in Axes
  7152 | D:9      | Reached ***** piety under Hepliaklqana
  7204 | D:9      | Found a staircase to the Lair.
  7222 | D:9      | Noticed a two-headed ogre
  7229 | D:9      | Killed a two-headed ogre
  7230 | D:9      | Reached skill level 10 in Armour
  7230 | D:9      | Reached XP level 11. HP: 32/87 MP: 10/10
  7525 | D:9      | Found a transporter.
  7534 | D:9      | Noticed Sirjeffry24's ghost (novice DsGl)
  7626 | D:9      | Found a transporter.
  7810 | D:9      | Found an iron altar of Okawaru.
  7946 | D:9      | Found a white marble altar of Elyvilon.
  7946 | D:9      | Noticed Maurice
  7963 | D:9      | Killed Maurice
  7964 | D:9      | Reached skill level 10 in Fighting
  8525 | D:9      | Killed Sirjeffry24's ghost
  8748 | D:10     | Entered Level 10 of the Dungeon
  8846 | D:10     | Reached skill level 14 in Axes
  8900 | D:10     | Found a broken altar of Ashenzari.
  8907 | D:10     | Noticed a two-headed ogre
  8915 | D:10     | Killed a two-headed ogre
  9379 | D:10     | Found Eggixonk's Magic Scroll Shop.
  9409 | D:10     | Bought a scroll of identify for 26 gold pieces
  9409 | D:10     | Bought a scroll of identify for 26 gold pieces
  9409 | D:10     | Bought a scroll of enchant armour for 97 gold pieces
  9409 | D:10     | Bought a scroll of identify for 26 gold pieces
  9412 | D:10     | Found a hazy altar of Hepliaklqana.
  9752 | D:11     | Noticed Grum
  9757 | D:11     | Killed Grum
  9887 | D:11     | Found a staircase to the Orcish Mines.
  9916 | D:11     | Noticed a boulder beetle
  9940 | D:11     | Killed a boulder beetle
  9950 | D:11     | Gained mutation: You have a pair of large horns on your
                  | head. [potion of mutation]
  9950 | D:11     | Gained mutation: You have an increased reservoir of magic.
                  | (+10% MP) [potion of mutation]
 10312 | D:11     | Noticed a boulder beetle
 10327 | D:11     | Killed a boulder beetle
 10425 | D:11     | Found an iron altar of Okawaru.
 10536 | D:12     | Noticed a deep elf pyromancer
 10540 | D:12     | Killed a deep elf pyromancer
 10541 | D:12     | Reached XP level 12. HP: 97/97 MP: 12/12
 10547 | D:12     | Found the amulet of Elemental Vulnerability {rPois rF--
                  | rC-- AC+8}
 10549 | D:12     | Noticed a two-headed ogre
 10551 | D:12     | Found a broken altar of Ashenzari.
 10552 | D:12     | Killed a two-headed ogre
 10579 | D:12     | Got a shiny book
 11014 | D:12     | Reached skill level 15 in Axes
 11066 | D:12     | Noticed Erolcha
 11073 | D:12     | Killed Erolcha
 11117 | D:12     | Noticed Kirke
 11422 | D:11     | Killed Kirke
 11734 | D:12     | Noticed Lodul
 11741 | D:12     | Killed Lodul
 11842 | D:12     | Reached skill level 1 in Unarmed Combat
 12053 | D:12     | Reached skill level 16 in Axes
 12279 | D:12     | Noticed a death knight
 12289 | D:12     | Killed a death knight
 12440 | D:12     | Reached XP level 13. HP: 92/106 MP: 13/13
 13108 | Lair:1   | Entered Level 1 of the Lair of Beasts
 13169 | Lair:1   | Found a gate leading to a gauntlet.
 13298 | Lair:1   | Reached skill level 17 in Axes
 13309 | Lair:1   | Reached ****** piety under Hepliaklqana
 13920 | Lair:2   | Found a staircase to the Swamp.
 14092 | Lair:2   | Found a staircase to the Snake Pit.
 14147 | Lair:2   | Identified the +1 leather armour of Reweahoa {rF+++ Int-4
                  | SInv Stlth+}
 14234 | Lair:2   | Noticed Erica
 14241 | Lair:2   | Killed Erica
 14918 | Lair:3   | Reached skill level 18 in Axes
 16064 | Lair:4   | Reached skill level 15 in Armour
 16064 | Lair:4   | Reached skill level 5 in Stealth
 16374 | Lair:5   | Entered Level 5 of the Lair of Beasts
 16454 | Lair:5   | Found a staircase to the Slime Pits.
 16454 | Lair:5   | Found a viscous altar of Jiyva.
 16459 | Lair:5   | Reached XP level 14. HP: 116/116 MP: 14/14
 16714 | Lair:5   | Reached skill level 19 in Axes
 17660 | Orc:1    | Entered Level 1 of the Orcish Mines
 17734 | Orc:1    | Found a runed translucent door.
 18097 | Orc:1    | Found a burning altar of Makhleb.
 18230 | Orc:2    | Entered Level 2 of the Orcish Mines
 18238 | Orc:2    | Found Lympe's Antique Armour Emporium.
 18375 | Orc:2    | Found a staircase to the Elven Halls.
 18563 | Orc:1    | Found Vaish's Distillery.
 18881 | Orc:2    | Reached skill level 1 in Invocations
 18958 | Orc:2    | Demolished by an orc knight

Illustrated notes

Levels and vault maps discovered:
D:1:      amcnicky_arrival_feature_with_door, layout_rooms,
          hellmonk_ecumenical_altar_dog_temple
D:2:      layout_loops_ring, nicolae_wormholes
D:3:      layout_rooms, slow_altar_1, general_overflow_altar,
          mainiacjoe_overflow_24_doors,
          chequers_temple_overflow_statue_of_worship, corexii_shack,
          minmay_misc_feat_nine_boxes, uniq_jessica
D:4:      layout_gridville, mainiacjoe_overflow_alcove_1, lemuel_doored_altar,
          mainiacjoe_overflow_small_starburst, gammafunk_ghost_mausoleum,
          uniq_sigmund, uniq_pikel, uniq_menkaure
D:5:      layout_cave_pools, overflow_temple_1_default,
          nicolae_overflow_hidden_temple, cheibrodos_sewer_entry_bend,
          minmay_fountain_box, minmay_misc_feat_tower, kennysheep_crisscross,
          grunt_decor_resistance, minmay_crystal_water
D:6:      layout_loops_ring, mainiacjoe_overflow_cross_hatched,
          minmay_temple_entry_glassed_door, chequers_serial_rivers_micro_e,
          uniq_blork_the_orc, uniq_eustachio
D:7:      layout_loops_ring, gammafunk_ghost_nasty_kobolds, patterned_corridor
D:8:      layout_basic, nicolae_wu_jian_glorious_leap
D:9:      layout_layer_cave, kennysheep_mini_moat, amcnicky_altar_gilded,
          erik_lair_orcish_takeover, gammafunk_ghost_hive, uniq_joseph,
          uniq_maurice
D:10:     layout_loops_ring, mainiacjoe_overflow_surrounded_room,
          overflow_temple_1_default, serial_shops, nicolae_shop_statue_plus
D:11:     layout_rooms, orc_0_dummy, okawaru_gym_becter, uniq_grum
D:12:     minmay_the_grid_octo_tiled_octocenter_mashed
          [minmay_the_grid_octo_focus, minmay_the_grid_octo_horde,
          minmay_the_grid_octo_tetromino_candy, minmay_the_grid_octo_toaster,
          minmay_the_grid_octo_prize_single_spiral,
          minmay_the_grid_square_5x5_lines, minmay_the_grid_square_5x5_shrine1,
          minmay_the_grid_square_5x5_forky,
          minmay_the_grid_square_5x5_two_walls_b], layout_basic, uniq_erolcha,
          uniq_kirke, uniq_lodul
Temple:   nicolae_temple_superstar
Lair:1:   layout_regular_city, gauntlet_entry_generic, st_stairs_11
Lair:2:   layout_regular_city, swamp_mist, alex1729_snake_entry_snake,
          grunt_forest_large_clearings, uniq_erica
Lair:3:   beast_lair_carwin_large_3, layout_regular_city
Lair:4:   layout_hall_layers, grunt_forest_stairs_basic, minivault_27,
          evilmike_ambush [evilmike_ambush_outer_pillars,
          evilmike_ambush_inner_basic], lemuel_fruit_fields
Lair:5:   grunt_lair_end_beastmaster, layout_gridlike, slime_entry_1
Orc:1:    layout_caves, basic_altar, serial_shops, shop, lightli_church_of_beogh
Orc:2:    grunt_orc_tribal_feast, layout_diamond_mine, serial_shops, shop

Skill      XL: |  1  2  3  4  5  6  7  8  9 10 11 12 13 14 |
---------------+-------------------------------------------+-----
Fighting       | 4 5 6 7 8 9 10 12 13 14 | 14.2
Armour         | 4 5 6 7 8 10 12 13 15 | 15.7
Axes           | 3 4 5 7 9 11 13 14 16 18 19 | 19.9
Shields        | 4 5 6 7 |  7.9
Dodging        | 1 2 3 4 |  4.2
Stealth        | 1 2 3 4 5 |  5.9
Unarmed Combat | 1 |  1.4
Invocations    | 2 |  2.0

Action                     |  1- 3 |  4- 6 |  7- 9 | 10-12 | 13-15 || total
---------------------------+-------+-------+-------+-------+-------++-------
  Melee: War axe           |    92 |    71 |   110 |   165 |       ||   438
         Headbutt          |    13 |    12 |    17 |    52 |    61 ||   155
         Battleaxe         |       |       |       |    88 |   324 ||   412
         Unarmed           |       |       |       |    13 |       ||    13
 Invoke: Ancestor Life: Ba |       |     1 |       |       |       ||     1
         Recall Ancestor   |       |       |       |     1 |       ||     1
    Use: Scroll            |     1 |     4 |     2 |    19 |     4 ||    30
         Potion            |       |     2 |     3 |     4 |       ||     9
   Stab: Distracted        |       |     1 |     2 |     4 |    10 ||    17
         Sleeping          |       |       |     5 |       |       ||     5
         Petrified         |       |       |       |       |     4 ||     4
         Petrifying        |       |       |       |       |     3 ||     3
 Armour: Scale mail        |    64 |    49 |    99 |    21 |       ||   233
         Plate armour      |       |       |       |   184 |       ||   184
         Gold dragon scale |       |       |       |    86 |   293 ||   379
         Skin              |       |       |       |    11 |       ||    11
         Swamp dragon scal |       |       |       |     5 |       ||     5
  Dodge: Dodged            |    37 |    32 |    46 |   127 |   148 ||   390
  Block: Buckler           |    22 |    15 |    41 |    37 |       ||   115
         Kite shield       |       |       |       |     2 |       ||     2

Table legend: (Time is in decaauts)
 A = Elapsed time spent in this place.
 B = Non-inter-level travel time spent in this place.
 C = Inter-level travel time spent in this place.
 D = Time resting spent in this place.
 E = Time spent auto-exploring this place.
 F = Levels seen in this place.
 G = Mean time per level.
                   A        B        C        D        E       F      G
               +--------+--------+--------+--------+--------+-----+--------+
         Total |  19078 |  18554 |    524 |    631 |  14424 |  21 |  908.5 |
       Dungeon |  12904 |  12573 |    331 |    631 |   9713 |  12 | 1075.3 |
        Temple |      1 |      1 |      0 |      0 |      0 |   1 |    1.0 |
          Lair |   4449 |   4274 |    175 |      0 |   3597 |   5 |  889.8 |
  Orcish Mines |   1273 |   1256 |     17 |      0 |    835 |   2 |  636.5 |
         Sewer |    450 |    450 |      0 |      0 |    279 |   1 |  450.0 |
               +--------+--------+--------+--------+--------+-----+--------+

Top non-repeatable levels by time:
     D:9: 1908 daAuts
    D:12: 1893 daAuts
    D:11: 1458 daAuts
     D:4: 1179 daAuts
  Lair:5: 1121 daAuts
     D:7: 1111 daAuts
    D:10: 1043 daAuts
  Lair:3: 994 daAuts
  Lair:2: 852 daAuts
   Orc:1: 841 daAuts
     D:6: 830 daAuts
     D:8: 822 daAuts
     D:5: 753 daAuts
  Lair:1: 742 daAuts
  Lair:4: 738 daAuts
